 Dungeon Crawl Stone Soup version 0.32-a0-814-g0968bab981 (webtiles) character file.

Game seed: 11916989303687454521

97 smashvw the Shield-Bearer (level 4, -8/32 HPs)
             Began as a Gnoll Wanderer on Mar 22, 2024.
             Mangled by Grinder (9 damage)
             ... while paralysed by Grinder
             ... on level 3 of the Dungeon.
             The game lasted 00:04:53 (1840 turns).

smashvw the Shield-Bearer (Gnoll Wanderer)          Turns: 1840, Time: 00:04:54

Health: -8/32      AC:  6    Str:  9    XL:     4   Next: 68%
Magic:  4/8        EV:  2    Int: 15    God:
Gold:   162        SH:  0    Dex: 12    Spells: 8/9 levels left

rFire   . . .        n - +1 dagger (freeze)
rCold   . . .        d - +0 buckler
rNeg    . . .        c - +0 robe
rPois   .            o - +2 helmet
rElec   .            (no cloak)
rCorr   .            (no gloves)
SInv    .            m - +0 pair of boots
Will    .....        (no amulet)
Stlth   ++           (no ring)
HPRegen 0.25/turn    (no ring)
MPRegen 0.11/turn

%: no passive effects
@: paralysed, very slightly contaminated
A: fangs 1, strong nose, distributed training
a: no special abilities


You were on level 3 of the Dungeon.
You visited 1 branch of the dungeon, and saw 3 of its levels.

You collected 162 gold pieces.

Inventory:

Hand Weapons
 n - a +1 dagger of freezing (weapon)
 z - a +4 dagger of pain
Armour
 c - a +0 robe (worn)
 d - a +0 buckler (worn)
 m - a +0 pair of boots (worn)
 o - a +2 helmet (worn)
Magical Staves
 r - a staff of conjuration
Wands
 u - a wand of paralysis (9)
Scrolls
 a - 3 scrolls of noise {unknown}
 f - a scroll of identify {unknown}
 h - a scroll of revelation {unknown}
 t - a scroll of teleportation {unknown}
 v - a scroll of amnesia {unknown}
 w - a scroll of fog {unknown}
 x - a scroll of immolation {unknown}
 y - a scroll of fear {unknown}
Potions
 b - 2 potions of attraction
 e - a potion of brilliance {unknown}
 g - a potion of cancellation {unknown}
 j - a potion of curing {unknown}
 k - a potion of resistance {unknown}
 l - a potion of invisibility {unknown}
 p - a potion of might {unknown}
 q - a potion of enlightenment {unknown}
 s - a potion of degeneration {unknown}


   Skills:
 + Level 1.2 Fighting
 + Level 1.2 Short Blades
 + Level 1.2 Long Blades
 + Level 1.2 Axes
 + Level 1.2 Maces & Flails
 + Level 1.2 Polearms
 + Level 1.2 Staves
 + Level 1.2 Ranged Weapons
 + Level 1.2 Throwing
 + Level 1.2 Armour
 + Level 4.7 Dodging
 + Level 1.2 Stealth
 + Level 6.6 Shields
 + Level 1.2 Unarmed Combat
 + Level 3.0 Spellcasting
 + Level 2.3 Conjurations
 + Level 1.0 Hexes
 + Level 1.0 Summonings
 + Level 1.0 Necromancy
 + Level 1.0 Translocations
 + Level 1.0 Fire Magic
 + Level 5.5 Ice Magic
 + Level 1.0 Air Magic
 + Level 1.0 Earth Magic
 + Level 1.0 Alchemy
 + Level 1.4 Invocations
 + Level 1.2 Evocations
 + Level 1.1 Shapeshifting


You had 8 spell levels left.
You knew the following spells:

 Your Spells              Type           Power      Damage    Failure   Level
a - Freeze                Ice            72%        1d8       3%          1

Your spell library contained the following spells:

 Spells                   Type           Power      Damage    Failure   Level
 Kiss of Death            Conj/Necr      28%        2d7       14%         1
 Hailstorm                Conj/Ice       14%        3d6       17%         3
 Summon Ice Beast         Ice/Summ       12%        N/A       22%         3
 Mercury Vapours          Alch/Air       10%        N/A       28%         2
 Mephitic Cloud           Conj/Alch/Air  6%         N/A       43%         3
 Freezing Cloud           Conj/Ice/Air   5%         6-21      93%         5
 Summon Forest            Summ/Tloc      2%         N/A       99%         5
 Eringya's Noxious Bog    Alch           2%         4d6       100%        6
 Summon Hydra             Summ           2%         N/A       100%        7


Dungeon Overview and Level Annotations

Branches:
Dungeon (3/15)

Altars:

Annotations:
D:1 2 transporters
D:3 Grinder


Innate Abilities, Weirdness & Mutations

You have very sharp teeth.
Your uncanny sense of smell can sniff out nearby items.
Your experience applies equally to all skills.


Message History

You see here a +0 leather armour.
y - a scroll labelled NEASESTIOLA You open the door.
There is an open door here.
Grinder comes into view.
Grinder shouts!
You can't see any susceptible monsters within range! (Use Z to cast anyway.) Throw: throwing net
Press: ? - help, Q - select action, (/) - cycle Shift-Dir - straight line, f - Grinder
Aim: Grinder (47% to hit)
You throw a throwing net.
The throwing net closely misses Grinder.
Nothing quivered!
Nothing quivered!
You freeze Grinder.
Grinder resists.
Grinder is lightly wounded.
Grinder blinks!
You freeze Grinder but do no damage.
Grinder completely resists.
Grinder blinks!
There is an open door here.
You miscast Freeze.
You are very lightly contaminated with residual magic.
Nothing appears to happen.
Grinder closely misses you.
You freeze Grinder.
Grinder resists.
Grinder is lightly wounded.
Grinder hits you.
You freeze Grinder.
Grinder resists.
Grinder is lightly wounded.
Grinder gestures at you.
You suddenly lose the ability to move!
Grinder says, "Are you a fish?" Grinder hits you. Grinder hits you.
You writhe in agony.
Grinder hits you!
* * * LOW HITPOINT WARNING * * *
You writhe in agony.
* * * LOW HITPOINT WARNING * * *
Grinder hits you!
You die...
Grinder sighs, "Dead already?
I want a refund."

# #....(#
.#..=..##
.#......
......
#.... ...
#.# #.#
##@##
##.5.##
##.....##
##.......##
#.........#
+.........+
#.........#
##.......##
∆ ##.....##


You could see Grinder.

Vanquished Creatures
  Jessica (D:3)
  Robin (D:2)
  An adder (D:2)
  4 ball pythons
  6 bats
  4 endoplasms (D:1)
  2 giant cockroaches
  8 goblins
  7 hobgoblins
  4 jackals (D:1)
  2 frilled lizards
  4 kobolds
  2 rats
46 creatures vanquished.

Notes
Turn   | Place    | Note
-------+----------+-------------------------------------------
     0 | D:1      | smashvw the Gnoll Wanderer began the quest for the Orb.
     0 | D:1      | smashvw set off with the following items: a +0 dagger, a
                  | potion of attraction, a +0 robe, a +0 buckler; and the
                  | following spells available to memorise: Freeze, Kiss of
                  | Death, Hailstorm, Summon Ice Beast.
     0 | D:1      | Reached XP level 1. HP: 13/13 MP: 4/4
    63 | D:1      | Reached XP level 2. HP: 11/19 MP: 5/5
   150 | D:1      | Learned a level 1 spell: Freeze
   566 | D:1      | Reached XP level 3. HP: 23/25 MP: 7/7
   948 | D:2      | Reached skill level 1 in Invocations
  1001 | D:2      | Noticed Robin
  1025 | D:2      | Killed Robin
  1026 | D:2      | Reached skill level 1 in Fighting
  1026 | D:2      | Reached skill level 1 in Short Blades
  1026 | D:2      | Reached skill level 1 in Long Blades
  1026 | D:2      | Reached skill level 1 in Axes
  1026 | D:2      | Reached skill level 1 in Maces & Flails
  1026 | D:2      | Reached skill level 1 in Polearms
  1026 | D:2      | Reached skill level 1 in Staves
  1026 | D:2      | Reached skill level 1 in Ranged Weapons
  1026 | D:2      | Reached skill level 1 in Throwing
  1026 | D:2      | Reached skill level 1 in Armour
  1026 | D:2      | Reached skill level 1 in Stealth
  1026 | D:2      | Reached skill level 1 in Unarmed Combat
  1026 | D:2      | Reached skill level 1 in Evocations
  1184 | D:2      | Reached skill level 1 in Shapeshifting
  1184 | D:2      | Reached XP level 4. HP: 32/32 MP: 8/8
  1253 | D:2      | Found a faded altar of an unknown god.
  1718 | D:3      | Noticed Jessica
  1727 | D:3      | Killed Jessica
  1728 | D:3      | Reached skill level 1 in Hexes
  1728 | D:3      | Reached skill level 1 in Summonings
  1728 | D:3      | Reached skill level 1 in Necromancy
  1728 | D:3      | Reached skill level 1 in Translocations
  1728 | D:3      | Reached skill level 1 in Fire Magic
  1728 | D:3      | Reached skill level 1 in Air Magic
  1728 | D:3      | Reached skill level 1 in Earth Magic
  1728 | D:3      | Reached skill level 1 in Alchemy
  1827 | D:3      | Noticed Grinder
  1836 | D:3      | Paralysed by Grinder for 5 turns
  1839 | D:3      | HP: 1/32 [Grinder (5)]
  1840 | D:3      | Mangled by Grinder

Illustrated notes

Levels and vault maps discovered:
D:1:      spicycebolla_arrival_transporter_tutorial, layout_basic,
          hangedman_decor_lopped
D:2:      layout_loops_ring, shapermc_ecumenical_altar_notcrosses, uniq_robin
D:3:      layout_loops_corners, lemuel_doored_altar, uniq_grinder, uniq_jessica

Skill      XL: |  1  2  3  4 |
---------------+-------------+-----
Conjurations   | 2 |  2.3
Invocations    | 1 |  1.4
Fighting       | 1 |  1.2
Short Blades   | 1 |  1.2
Long Blades    | 1 |  1.2
Axes           | 1 |  1.2
Maces & Flails | 1 |  1.2
Polearms       | 1 |  1.2
Staves         | 1 |  1.2
Ranged Weapons | 1 |  1.2
Throwing       | 1 |  1.2
Armour         | 1 |  1.2
Stealth        | 1 |  1.2
Unarmed Combat | 1 |  1.2
Evocations     | 1 |  1.2
Shapeshifting  | 1 |  1.1
Spellcasting   | 3 |  3.0
Hexes          | 1 |  1.0
Summonings     | 1 |  1.0
Necromancy     | 1 |  1.0
Translocations | 1 |  1.0
Fire Magic     | 1 |  1.0
Air Magic      | 1 |  1.0
Earth Magic    | 1 |  1.0
Alchemy        | 1 |  1.0
Dodging        | |  4.7
Shields        | |  6.6
Ice Magic      | |  5.5

Action                     |  1- 3 |  4- 6 || total
---------------------------+-------+-------++-------
  Melee: Dagger            |   122 |    18 ||   140
         Bite              |    10 |     1 ||    11
  Throw: Throwing net      |       |     1 ||     1
   Cast: Freeze            |    28 |     6 ||    34
   Stab: Sleeping          |     2 |     2 ||     4
 Armour: Robe              |    79 |    12 ||    91
  Dodge: Dodged            |    83 |     6 ||    89
  Block: Buckler           |    51 |     3 ||    54

Table legend: (Time is in decaauts)
 A = Elapsed time spent in this place.
 B = Non-inter-level travel time spent in this place.
 C = Inter-level travel time spent in this place.
 D = Time resting spent in this place.
 E = Time spent auto-exploring this place.
 F = Levels seen in this place.
 G = Mean time per level.
                   A        B        C        D        E       F      G
               +--------+--------+--------+--------+--------+-----+--------+
         Total |   1845 |   1794 |     51 |      0 |   1428 |   3 |  615.0 |
       Dungeon |   1845 |   1794 |     51 |      0 |   1428 |   3 |  615.0 |
               +--------+--------+--------+--------+--------+-----+--------+

Top non-repeatable levels by time:
     D:1: 931 daAuts
     D:2: 715 daAuts
     D:3: 198 daAuts
